 Dungeon Crawl Stone Soup version 0.26-a0-291-g3d11bbfad5 (webtiles) character file.

Game seed: 12909160229323240502

46 Infinimo the Digger (level 3, -1/29 HPs)
             Began as a Hill Orc Earth Elementalist on July 14, 2020.
             Slain by Crazy Yiuf
             ... wielding a +2 quarterstaff of chaos
              (11 damage)
             ... while paralysed by Crazy Yiuf
             ... on level 2 of the Dungeon.
             The game lasted 00:02:41 (2589 turns).

Infinimo the Digger (Hill Orc Earth Elementalist)   Turns: 2589, Time: 00:02:41

Health: -1/29      AC:  2    Str: 10    XL:     3   Next: 68%
Magic:  2/6        EV:  2    Int: 16    God:
Gold:   109        SH:  0    Dex: 11    Spells: 5/6 levels left

rFire    . . .     SeeInvis .   h - +1 hand axe (flame)
rCold    . . .     Faith    .   (no shield)
rNeg     . . .     Spirit   .   c - +0 robe
rPois    .         Reflect  .   (no helmet)
rElec    .         Harm     .   (no cloak)
rCorr    .                      (no gloves)
MR       .....                  (no boots)
Stlth    ++........             e - amulet of regeneration
HPRegen  0.49/turn              (no ring)
MPRegen  0.10/turn              (no ring)

@: paralysed, very slightly contaminated
A: no striking features
a: no special abilities


You were on level 2 of the Dungeon.
You visited 1 branch of the dungeon, and saw 2 of its levels.

You collected 109 gold pieces.

Inventory:

Hand Weapons
 h - a +1 hand axe of flaming (weapon)
Missiles
 a - 7 poisoned darts (quivered)
 b - 58 stones
Armour
 c - a +0 robe (worn)
Jewellery
 e - an amulet of regeneration (around neck)
 g - an uncursed ring of positive energy {unknown}
Scrolls
 d - a scroll of magic mapping
 f - a scroll of remove curse {unknown}
 i - a scroll of teleportation
 l - 2 scrolls of fear {unknown}
 n - a scroll of identify {unknown}
Potions
 j - a potion of stabbing {unknown}
 k - a potion of heal wounds {unknown}
 m - a potion of curing {unknown}


   Skills:
 + Level 1.7 Fighting
 - Level 1.5 Dodging
 - Level 1.5 Stealth
 + Level 2.0 Spellcasting
   Level 0.6 Transmutations
 * Level 3.8 Earth Magic


You had 5 spell levels left.
You knew the following spells:

 Your Spells              Type           Power        Failure   Level
a - Sandblast             Erth           ##....       4%          1

Your spell library contained the following spells:

 Spells                   Type           Power        Failure   Level
 Passwall                 Tmut/Erth      #.......     12%         2
 Stone Arrow              Conj/Erth      #.....       28%         3
 Petrify                  Tmut/Erth      #.......     63%         4
 Lee's Rapid Deconstruct  Erth           ##........   75%         5


Dungeon Overview and Level Annotations

Branches:
Dungeon (2/15)

Altars:

Annotations:
D:2 Crazy Yiuf


Message History

Confirm with . or Enter, or press ? or * to list all spells.
Aiming: Sandblast (safe; 4% risk of failure)
Press: ? - help, Shift-Dir - straight line, f/p - Crazy Yiuf
Aim: Crazy Yiuf, wielding a +2 quarterstaff of chaos and wearing a cursed -2 cloak (heavily wounded)
The blast of sand misses Crazy Yiuf.
b - 59 stones Crazy Yiuf hits you with a +2 quarterstaff of chaos.
Casting: Sandblast (safe; 4% risk of failure)
Confirm with . or Enter, or press ? or * to list all spells.
Aiming: Sandblast (safe; 4% risk of failure)
Press: ? - help, Shift-Dir - straight line, f/p - Crazy Yiuf
Aim: Crazy Yiuf, wielding a +2 quarterstaff of chaos and wearing a cursed -2 cloak (heavily wounded)
The blast of sand hits Crazy Yiuf.
Crazy Yiuf is severely wounded.
b - 58 stones Crazy Yiuf hits you with a +2 quarterstaff of chaos!
You suddenly lose the ability to move!
Crazy Yiuf whimpers, "Two!
Pitchfork leg tortoise."
Crazy Yiuf hits you with a +2 quarterstaff of chaos!
You die...

..# #.# #.#
#####.####<#
##.......#.#
##.##.###### ##.##.###
........# ##.##.######
### ##.##.#.#..##
###..)#
##........P.####@g...#
#######...PP.#..##...#
# #.#...#.### ### #
#.####### #######.#
........#########
#######.........#
#.##.#.##†#
#.##...##.#


You could see Crazy Yiuf.

Vanquished Creatures
  An adder (D:2)
  A dart slug (D:1)
  8 bats
  2 giant cockroaches
  4 goblins
  3 hobgoblins
  3 quokkas (D:2)
  4 frilled lizards
  5 kobolds
  6 rats
37 creatures vanquished.

Notes
Turn   | Place    | Note
-------+----------+-------------------------------------------
     0 | D:1      | Infinimo the Hill Orc Earth Elementalist began the quest
                  | for the Orb.
     0 | D:1      | Reached XP level 1. HP: 14/14 MP: 3/3
   153 | D:1      | Reached XP level 2. HP: 1/22 MP: 0/4
   655 | D:1      | Reached skill level 1 in Fighting
  1740 | D:2      | Reached XP level 3. HP: 22/28 MP: 3/5
  2535 | D:2      | Found a runed translucent door.
  2536 | D:2      | Noticed Crazy Yiuf
  2588 | D:2      | Paralysed by Crazy Yiuf for 5 turns
  2589 | D:2      | Slain by Crazy Yiuf

Illustrated notes

Levels and vault maps discovered:
D:1:      lightli_arrival_lavapool, layout_loops_ring
D:2:      layout_loops_ring, uniq_crazy_yiuf_cottage

Skill      XL: |  1  2  3 |
---------------+----------+-----
Fighting       | 1 |  1.7
Spellcasting   | 2 |  2.0
Dodging        | |  1.5
Stealth        | |  1.5
Transmutations | |  0.6
Earth Magic    | |  3.8

Action                   || total
-------------------------++-------
Melee: Unarmed           ||    15
       Club              ||    58
       Hand axe          ||     9
Throw: Stone             ||    12
       Dart              ||    68
 Cast: Sandblast         ||    18
  Use: Scroll            ||     3
 Stab: Sleeping          ||     1
Armor: Robe              ||    24
Dodge: Dodged            ||    90

Table legend:
 A = Non-vault XP
 B = Vault XP
 C = Vault XP percentage of total XP
 D = Non-vault monster count
 E = Vault monster count
 F = Vault count percentage of total count
                 A         B        C        D         E       F
            +---------+---------+-------+---------+---------+-------
      Total |      67 |       0 |   0.0 |      37 |       0 |   0.0
            +---------+---------+-------+---------+---------+-------
        D:1 |      28 |       0 |   0.0 |      19 |       0 |   0.0
        D:2 |      39 |       0 |   0.0 |      18 |       0 |   0.0
            +---------+---------+-------+---------+---------+-------
